[Event "Marshall CC FIDE Premier April 2024"]
[Site "New York"]
[Date "2024.04.13"]
[Round "1.1"]
[White "Ayyappan, Santhosh"]
[Black "Bortnyk, Mykola"]
[Result "1-0"]
[ECO "E48"]
[WhiteElo "1922"]
[BlackElo "2442"]
[Annotator "TA"]
[PlyCount "137"]
[EventDate "2024.02.02"]
[EventType "swiss"]
[EventCountry "USA"]
[SourceTitle "playchess.com"]
[Source "ChessBase"]
[SourceQuality "1"]
[TimeControl "5400+30"]

1. d4 Nf6 2. c4 e6 3. Nc3 Bb4 4. e3 O-O 5. Bd3 d5 6. Nge2 dxc4 7. Bxc4 b6 8. a3 Be7 9. O-O Bb7 {[%emt 0:00:08] Prevents e4. The position is equal.} 10. Ng3 c5 11. dxc5 Qc7 12. Be2 Qxc5 13. Bf3 Nc6 14. Qc2 Rac8 15. b4 Qg5 16. Bb2 Qh4 17. Rfd1 Rfd8 18. Qe2 Nd7 ({Black should play} 18... Bd6 $11) 19. Nce4 {[%emt 0:02:55] White is more active.} (19. Be4 $14) 19... Nde5 $11 20. Nd2 Nd3 21. Bc3 {[%emt 0:01:22] Threatens to win with b5.} Ba6 {[%emt 0:00:14][%cal Rd3b4] And now ...Ndxb4! would win.} 22. Bxc6 (22. b5 $1 $15 Bxb5 23. Be4) 22... Rxc6 $17 23. Nf3 Qh6 (23... Qc4 $17 24. Bd4 f6) 24. Qd2 {[%emt 0:03:08] [#]} (24. b5 $1 $11 {remains equal.} Rxc3 (24... Bxb5 25. Nd4 $16) 25. bxa6) 24... Rdc8 {[%emt 0:01:20] [#]} (24... Rcc8 $1 $17 {[%cal Od3f2] Hoping for ...Nxf2!} 25. Nd4 Nxf2 26. Kxf2 Qf6+ (26... Qxh2 $2 27. Rh1 $18) (26... e5 27. Kg1 $17) 27. Kg1 e5) 25. b5 $1 $11 Bxb5 (25... Rxc3 26. bxa6) 26. Nd4 $1 Ba6 {[%emt 0:03:01] White now steadily converts the win.} 27. Nxc6 Rxc6 28. Bb4 Bf6 (28... Bh4 $16) 29. Ra2 ({Better is} 29. Rac1 $18 Rxc1 (29... Nxc1 30. Qd8+ Bxd8 31. Rxd8#) 30. Rxc1) 29... Qh4 (29... Rc7 $14) 30. Rc2 $16 Rxc2 31. Qxc2 Nxb4 32. Qa4 $40 {[%emt 0:00:34][%cal Ra4e8][%mdl 128] White attacks with force.} g6 $2 {[%emt 0:01:50] [#]} (32... h6 $16 33. Qxb4 (33. axb4 Qc4 $18) 33... Qxb4 34. axb4 Be7) 33. Qe8+ $1 $18 (33. Qxb4 Qxb4 34. axb4 Bc3 $16) (33. axb4 Qc4 $16) 33... Kg7 {[%emt 0:00:34] White must now prevent ...Nd3.} 34. Rd7 (34. axb4 Qxb4 35. Qd7 Qb3 $17) 34... Be7 35. Qxe7 Qxe7 36. Rxe7 {[%emt 0:00:05][%mdl 4096] Endgame. KRN-KBN} Nc6 37. Rc7 Na5 38. Ne4 Nb7 39. Ng5 Nd8 40. Rd7 ({But not} 40. Rxa7 Bb7 41. Nf3 Kf6 $18) 40... h6 41. Rxd8 ({Not} 41. Rxa7 Bb7 42. Nf3 Kf8) 41... hxg5 {[%emt 0:00:00] KR-KB} 42. Rd7 Bc4 43. Rxa7 b5 44. Rc7 Be2 45. f3 Kf6 46. Kf2 Bd3 47. Rc3 Bc4 {[%emt 0:00:00] [#]} 48. a4 $1 {[%emt 0:00:05][%cal Oc3c4] Rxc4! would now be deadly.} Ke7 49. axb5 Bxb5 50. Rc5 Be8 51. Rxg5 f5 (51... Kf6 $142) 52. Rg3 Kf6 53. Rh3 Kg7 54. Rh4 Kf6 55. Rb4 g5 56. f4 Bc6 57. g3 g4 58. Ke2 Ke7 59. Kd3 Kf6 60. Kd4 Be4 61. Kc5 Bf3 62. Kd6 Bd5 63. Rb5 {[%emt 0:01:11] White wants to mate with Rxd5.} Bc4 64. Re5 Bb3 65. e4 Bc4 {[%emt 0:00:00] Prevents Rb5} 66. Rc5 {[%emt 0:00:20] White mates.} Bb3 67. e5+ Kg6 68. Ke7 Bd5 69. Rb5 {[%emt 0:00:05] Weighted Error Value: White=0.13 (very precise) /Black=0.40.  Loses game:     	---       	Black=2      Mistake:       	White=4     	Black=6      Inaccurate:     	White=3     	Black=6      OK:         	White=22    	Black=14     Best:        	White=1     	Black=4      Strong:       	White=2     	---        Brilliant:      	White=1     	---} 1-0

[Event "Marshall CC FIDE Premier April 2024"]
[Site "New York"]
[Date "2024.04.13"]
[Round "1.2"]
[White "Huston, Gus"]
[Black "Das, Aditeya"]
[Result "1-0"]
[ECO "D18"]
[WhiteElo "2401"]
[BlackElo "1887"]
[Annotator "TA"]
[PlyCount "75"]
[EventDate "2024.02.02"]
[EventType "swiss"]
[EventCountry "USA"]
[SourceTitle "playchess.com"]
[Source "ChessBase"]
[SourceQuality "1"]
[TimeControl "5400+30"]

1. d4 d5 2. c4 c6 3. Nf3 Nf6 4. Nc3 dxc4 5. a4 Bf5 6. e3 e6 7. Bxc4 Nbd7 8. O-O Nb6 9. Bd3 a5 10. e4 Bg4 {[%emt 0:00:10] White has an edge.} 11. Be3 Bb4 12. h3 Bh5 13. Qe2 O-O 14. Rfd1 Nfd7 15. g4 Bg6 16. Ne5 Qh4 17. Kg2 $36 {[%emt 0:05:01][%mdl 2048] White is more active.} f5 $1 18. Nxg6 hxg6 19. f3 Rae8 20. e5 Nd5 ({Black should try} 20... Rc8 $14) 21. Nxd5 $16 {[%emt 0:00:08] White now steadily converts the win.} exd5 22. f4 Rf7 23. Qf2 Qxf2+ 24. Kxf2 Nf8 25. h4 {[%emt 0:04:40] And now h5 would win.} fxg4 {[%emt 0:07:28] [#]} (25... Ne6 $16 26. Kf3 Be7) 26. Kg3 $1 $18 Rc7 27. Rac1 Rec8 28. Be2 (28. Kxg4 Kf7 29. Bb1 Be7) 28... b6 (28... Ne6 $142 29. Bxg4 (29. Kxg4 Kf7 $16) 29... Re7) 29. Bxg4 (29. Kxg4 Ne6 30. Bd3 Kf7) 29... Rd8 30. Bf3 Kf7 31. Rc2 Ke6 32. Rf1 Kf7 (32... c5 $142 33. h5 Kd7 34. dxc5 (34. Bxd5 $2 cxd4 35. e6+ Kd6 $19) 34... gxh5) 33. h5 ({But not} 33. Rfc1 c5 34. h5 (34. dxc5 bxc5 35. Bxc5 Rdc8 $16) 34... Rcc8 35. hxg6+ (35. dxc5 d4 $18) 35... Nxg6 $18) 33... gxh5 34. f5 ({Less strong is} 34. Bxh5+ g6 $16) 34... g6 35. fxg6+ Kxg6 36. Bxh5+ Kxh5 {[%emt 0:03:36] [#]} (36... Kg7 $18 37. Bg5 Rb8) 37. Rf6 $1 Rg7+ 38. Kf3 {[%emt 0:00:20] Weighted Error Value: White=0.05 (flawless) /Black=0.41.  Mistake:       	---       	Black=5      Inaccurate:     	White=2     	Black=2      OK:         	White=18    	Black=11     Best:        	White=1     	---        Strong:       	White=1     	Black=1} 1-0

[Event "Marshall CC FIDE Premier April 2024"]
[Site "New York"]
[Date "2024.04.13"]
[Round "1.3"]
[White "Kozower, Ethan"]
[Black "Putnam, Liam"]
[Result "0-1"]
[ECO "B51"]
[WhiteElo "1943"]
[BlackElo "2323"]
[Annotator "RC"]
[PlyCount "104"]
[EventDate "2024.02.02"]
[EventType "swiss"]
[EventCountry "USA"]
[SourceTitle "playchess.com"]
[Source "ChessBase"]
[SourceQuality "1"]
[TimeControl "5400+30"]

1. e4 c5 2. Nf3 d6 3. Bb5+ Nd7 4. c4 Ngf6 5. Nc3 g6 6. O-O Bg7 7. d4 cxd4 8. Nxd4 O-O 9. Ba4 Nc5 10. Bc2 Bd7 11. Nf3 Rc8 12. Qe2 Bg4 13. Be3 Nfd7 14. h3 Bxf3 15. Qxf3 Ne6 16. Qe2 Bxc3 17. bxc3 Qa5 18. Rab1 b6 19. Rb4 Ne5 20. Rd1 Nc6 21. Rb3 Qxa2 22. Bc1 Qa6 23. Ra3 Qb7 24. f4 Na5 25. f5 Ng7 26. fxg6 hxg6 27. Bd3 Qc7 28. Ra4 Nb3 29. Qa2 Nxc1 30. Rxc1 a5 31. Ra3 Qc5+ 32. Kh1 Nh5 33. Rb3 Ng3+ 34. Kh2 Qe5 35. Kg1 Nxe4 36. Re1 Qg3 37. Rxe4 Qxd3 38. Qb1 Qg3 39. Rxb6 Qxc3 40. Rxe7 Qd4+ 41. Kh1 Rxc4 42. Rb8 Rxb8 43. Qxb8+ Kg7 44. Re1 Qd2 45. Rf1 Rc1 46. Rxc1 Qxc1+ 47. Kh2 Qf4+ 48. Kh1 Qb4 49. Qc8 a4 50. Qc1 a3 51. Qc2 Qb2 52. Qd3 a2 0-1

[Event "Marshall CC FIDE Premier April 2024"]
[Site "New York"]
[Date "2024.04.13"]
[Round "1.4"]
[White "Sarkar, Justin"]
[Black "Rosenthal, Max Manuel"]
[Result "1-0"]
[ECO "C65"]
[WhiteElo "2279"]
[BlackElo "1991"]
[Annotator "RC"]
[PlyCount "87"]
[EventDate "2024.02.02"]
[EventType "swiss"]
[EventCountry "USA"]
[SourceTitle "playchess.com"]
[Source "ChessBase"]
[SourceQuality "1"]
[TimeControl "5400+30"]

1. e4 e5 2. Nf3 Nc6 3. Bb5 Nf6 4. d3 Bc5 5. Bxc6 dxc6 6. Nbd2 Qe7 7. Nc4 Nd7 8. O-O O-O 9. Bd2 Re8 10. a4 b5 11. Na5 Qf6 12. Bg5 Qg6 13. Qd2 Nb6 14. Nb3 Bd6 15. a5 Na4 16. Be3 Be6 17. Ng5 Bxb3 18. cxb3 Nc5 19. Qc3 h6 20. Nf3 b4 21. Qc2 Nd7 22. Qxc6 Qe6 23. Rfc1 f5 24. exf5 Qxf5 25. Nd2 Nf6 26. Ne4 Ng4 27. Bxa7 Qf4 28. g3 Qf5 29. h3 Nf6 30. Be3 Qxh3 31. Nxf6+ gxf6 32. Rc4 Qe6 33. Rh4 Bf8 34. Qh1 Qxb3 35. Bxh6 Qxd3 36. Rg4+ Kf7 37. Qh5+ Ke6 38. Bxf8 Rxf8 39. Rg7 Qe4 40. Rc1 Rae8 41. Qh3+ f5 42. Rg6+ Kd7 43. Qh7+ Re7 44. Rxc7+ 1-0

[Event "Marshall CC FIDE Premier April 2024"]
[Site "New York"]
[Date "2024.04.13"]
[Round "1.5"]
[White "Meduri, Aakaash"]
[Black "Prestia, Paris"]
[Result "1-0"]
[ECO "E62"]
[WhiteElo "1962"]
[BlackElo "2059"]
[Annotator "RC"]
[PlyCount "117"]
[EventDate "2024.02.02"]
[EventType "swiss"]
[EventCountry "USA"]
[SourceTitle "playchess.com"]
[Source "ChessBase"]
[SourceQuality "1"]
[TimeControl "5400+30"]

1. c4 Nf6 2. g3 g6 3. Bg2 Bg7 4. Nc3 O-O 5. d4 d6 6. h3 c6 7. Nf3 Bf5 8. g4 Be6 9. d5 cxd5 10. cxd5 Bd7 11. O-O Qb6 12. e4 Rc8 13. Qe2 Qa6 14. Qe3 Be8 15. Nd4 Nfd7 16. Rd1 Nc5 17. Rb1 Na4 18. Nce2 Qb6 19. b3 a5 20. Bd2 Nc5 21. Bc3 Nba6 22. Ng3 Nd7 23. Rbc1 Nb4 24. Qd2 Ne5 25. Nge2 Qa6 26. a3 Nbd3 27. Rb1 Nc5 28. f4 Ned7 29. Kh1 Nb6 30. a4 Nbd7 31. Ng3 Qb6 32. Qb2 Qa6 33. Bf1 Qb6 34. g5 Na6 35. Rbc1 Nb4 36. Ndf5 Bf8 37. Bd4 Qd8 38. Bg7 f6 39. Bxf8 Kxf8 40. Nd4 Bf7 41. Bb5 Rxc1 42. Rxc1 Nc5 43. Qe2 Rc8 44. Rf1 Kg8 45. Bc4 Nd7 46. h4 Nb6 47. f5 Nxc4 48. bxc4 Qb6 49. fxg6 hxg6 50. Nb5 fxg5 51. Qf3 Rf8 52. h5 gxh5 53. Nf5 Kh7 54. Nxe7 Nc2 55. Qf5+ Kh6 56. Qf6+ Kh7 57. Qxg5 Qe3 58. Rxf7+ Rxf7 59. Qg8+ 1-0

[Event "Marshall CC FIDE Premier April 2024"]
[Site "New York"]
[Date "2024.04.13"]
[Round "1.6"]
[White "Hebbar, Eshaan"]
[Black "Chen, Derek H"]
[Result "0-1"]
[ECO "E16"]
[WhiteElo "2201"]
[BlackElo "2070"]
[Annotator "RC"]
[PlyCount "188"]
[EventDate "2024.02.02"]
[EventType "swiss"]
[EventCountry "USA"]
[SourceTitle "playchess.com"]
[Source "ChessBase"]
[SourceQuality "1"]
[TimeControl "5400+30"]

1. d4 Nf6 2. c4 e6 3. Nf3 Bb4+ 4. Bd2 a5 5. g3 b6 6. Bg2 Bb7 7. O-O Bxd2 8. Qxd2 d6 9. Nc3 Nbd7 10. Qc2 O-O 11. Rfd1 Qe7 12. a3 c5 13. Qd3 d5 14. cxd5 exd5 15. dxc5 Nxc5 16. Qc2 Nce4 17. e3 Rfc8 18. Qb3 Nxf2 19. Re1 Nd3 20. Nxd5 Bxd5 21. Qxd3 Be4 22. Qb3 Rc2 23. Rac1 Rxc1 24. Rxc1 Qb7 25. Nh4 Bxg2 26. Nxg2 h5 27. Qc3 Rd8 28. Nf4 Qf3 29. Rf1 Qe4 30. Re1 h4 31. gxh4 Ng4 32. Qc7 Rd1 33. Qc8+ Kh7 34. Qc3 Rxe1+ 35. Qxe1 Nxe3 36. Qg3 Qb1+ 37. Kf2 Nd1+ 38. Ke2 Nxb2 39. Qg5 Qe4+ 40. Kf1 Qf3+ 41. Kg1 Qe3+ 42. Kf1 Qe4 43. Nh5 Qb1+ 44. Kf2 Qc2+ 45. Kf1 Qg6 46. Qe5 Nd3 47. Qd5 Nc5 48. Qe5 f6 49. Qe2 Qd3 50. Ng3 Qxe2+ 51. Kxe2 b5 52. Kd2 b4 53. axb4 axb4 54. Ke3 b3 55. Kd2 Kg6 56. Kc3 f5 57. Ne2 Kh5 58. Nd4 g6 59. Nf3 Nd7 60. h3 Nc5 61. Kb2 Kh6 62. Kc3 Kh5 63. Kb2 Ne4 64. Kxb3 Nf2 65. Kc4 Nxh3 66. Kd4 Nf4 67. Ke3 Ng2+ 68. Kf2 Nxh4 69. Ne5 f4 70. Nd7 Kg5 71. Ne5 Kf5 72. Nf7 g5 73. Nh6+ Ke4 74. Ng4 Ng6 75. Nf6+ Kf5 76. Ne8 g4 77. Nd6+ Ke6 78. Ne4 Ne5 79. Nd2 Kf5 80. Kg2 Kg5 81. Nf1 Kh4 82. Kh2 g3+ 83. Kg1 Kh3 84. Nd2 f3 85. Ne4 Nc4 86. Kh1 Kg4 87. Nf6+ Kf5 88. Nh5 Kg4 89. Nf6+ Kh4 90. Ne4 Ne3 91. Kg1 Kg4 92. Kh1 Kf4 93. Nc3 Ke5 94. Nb1 f2 0-1

[Event "Marshall CC FIDE Premier April 2024"]
[Site "New York"]
[Date "2024.04.13"]
[Round "1.7"]
[White "Knowles, Chase"]
[Black "Lin, Bryan Enming"]
[Result "1/2-1/2"]
[ECO "E92"]
[WhiteElo "1978"]
[BlackElo "2087"]
[Annotator "RC"]
[PlyCount "136"]
[EventDate "2024.02.02"]
[EventType "swiss"]
[EventCountry "USA"]
[SourceTitle "playchess.com"]
[Source "ChessBase"]
[SourceQuality "1"]
[TimeControl "5400+30"]

1. Nf3 Nf6 2. c4 g6 3. Nc3 Bg7 4. e4 d6 5. d4 O-O 6. Be2 e5 7. d5 a5 8. Bg5 h6 9. Be3 Ng4 10. Bd2 f5 11. h3 Nf6 12. exf5 gxf5 13. Qc1 f4 14. g3 Nh5 15. g4 Nf6 16. g5 hxg5 17. Nxg5 Nxd5 18. Rg1 Nxc3 19. Qxc3 Nc6 20. Bf3 Nd4 21. O-O-O Bf5 22. Bxf4 Nxf3 23. Nxf3 Qf6 24. Be3 Be4 25. Ng5 Bg6 26. Rg3 Qf5 27. Rdg1 d5 28. Ne6 Qb1+ 29. Kd2 d4 30. Rxb1 dxc3+ 31. Kxc3 Rf6 32. Nxg7 Bxb1 33. Ne8+ Rg6 34. Rxg6+ Bxg6 35. Nxc7 Rd8 36. Nd5 Kf7 37. Bb6 Rh8 38. Bxa5 Rxh3+ 39. Kb4 Be4 40. Nc3 Bc6 41. Bb6 Ke6 42. a4 Rh1 43. Be3 Kf5 44. Kc5 Ra1 45. b3 Ke6 46. Kb4 Bf3 47. a5 Kd6 48. Kb5 Kd7 49. b4 Bc6+ 50. Kb6 Ra3 51. Nd5 Rb3 52. Kc5 Ra3 53. Kb6 Rb3 54. Bc5 Rb2 55. a6 bxa6 56. Kxa6 Ke6 57. Nc7+ Kd7 58. Nd5 Ke6 59. Nc7+ Kd7 60. Kb6 Bf3 61. Nd5 Be2 62. Kb5 Rc2 63. Nb6+ Kc7 64. Be3 Kd6 65. Bc5+ Kc7 66. Nd5+ Kd7 67. Ne3 Rc1 68. Kb6 Bxc4 1/2-1/2

[Event "Marshall CC FIDE Premier April 2024"]
[Site "New York"]
[Date "2024.04.13"]
[Round "1.8"]
[White "Jiang, Jason"]
[Black "Jain, Vihaan"]
[Result "1/2-1/2"]
[ECO "D10"]
[WhiteElo "2005"]
[BlackElo "1931"]
[Annotator "RC"]
[PlyCount "78"]
[EventDate "2024.02.02"]
[EventType "swiss"]
[EventCountry "USA"]
[SourceTitle "playchess.com"]
[Source "ChessBase"]
[SourceQuality "1"]
[TimeControl "5400+30"]

1. c4 c6 2. Nc3 d5 3. cxd5 cxd5 4. d4 Nc6 5. Bf4 Nf6 6. e3 a6 7. Bd3 Bg4 8. Nge2 e6 9. O-O Bd6 10. Qb3 Na5 11. Qa4+ b5 12. Nxb5 axb5 13. Qxb5+ Ke7 14. f3 Bh5 15. b4 Nc4 16. Bxc4 dxc4 17. Bg5 Qc7 18. Bxf6+ gxf6 19. Qxh5 Bxb4 20. Rfd1 Ra5 21. Qh4 Qc6 22. a3 Rha8 23. d5 exd5 24. Nd4 Qd7 25. e4 Bc5 26. e5 Rxa3 27. Rxa3 Rxa3 28. exf6+ Kd8 29. Kf1 c3 30. Qf4 Qb7 31. Nc2 Rb3 32. Qf5 Rb1 33. Rxb1 Qxb1+ 34. Ke2 Qb5+ 35. Ke1 d4 36. Nxd4 Qe8+ 37. Ne2 Qe3 38. Qd5+ Kc8 39. Qf5+ Kd8 1/2-1/2

[Event "Marshall CC FIDE Premier April 2024"]
[Site "New York"]
[Date "2024.04.13"]
[Round "1.9"]
[White "Kurup, Siddharth"]
[Black "Ling, Chenxuan"]
[Result "1-0"]
[ECO "E46"]
[WhiteElo "1914"]
[BlackElo "1871"]
[Annotator "TA"]
[PlyCount "119"]
[EventDate "2024.02.02"]
[EventType "swiss"]
[EventCountry "USA"]
[SourceTitle "playchess.com"]
[Source "ChessBase"]
[SourceQuality "1"]
[TimeControl "5400+30"]

1. d4 Nf6 2. c4 e6 3. Nc3 Bb4 4. e3 O-O 5. Nge2 d5 6. a3 Be7 7. cxd5 exd5 8. Nf4 c6 9. Bd3 Bd6 10. Nh5 Nbd7 11. Ng3 Re8 {[%emt 0:00:00] The position is equal.} 12. O-O Nf8 13. Re1 Ng6 14. b4 b5 (14... Bc7 $142) 15. Bd2 $11 Bd7 16. Qb3 (16. e4 $11) 16... a6 (16... Ng4 $1 $15 17. Be2 h5) 17. f3 Qc7 18. Nf1 Qb6 19. Ng3 Re7 20. Bc2 Rae8 21. a4 (21. Nce2 $11) 21... Qb8 (21... Nh4 $1 $15 22. Nf1 Qc7) 22. Nf1 Qb6 23. axb5 axb5 24. Ra2 Nh4 25. Rea1 $2 (25. Bd3 $11 {and White is okay.}) 25... Bf5 $2 (25... Bh3 $1 $19 26. Ra6 Qc7) 26. Ng3 $2 (26. Be1 $14 {stays ahead.} Bxc2 27. Qxc2) 26... Bxc2 $2 (26... Bh3 $1 $19 27. Kf2 (27. Ra6 $2 Qc7 $19) 27... Bxg2 (27... Nxg2 $2 28. Ra6 $19)) 27. Rxc2 $4 (27. Qxc2 $14 {was the only good move.} Rc8 (27... Bxb4 28. Nce4 $16) 28. Ra6) 27... Bxg3 $1 $19 28. hxg3 Nf5 29. Nd1 (29. Qb2 {was called for.}) 29... Nxg3 $2 (29... Nxd4 $19 30. Qd3 Nxc2 31. Qxc2 d4) 30. Rca2 $17 Nf5 $2 ({Better is} 30... Qb8 $17 {...Nfh5 would now be deadly.} 31. Be1 Nfh5) 31. Qc2 $11 Nxd4 32. exd4 Qxd4+ {[%emt 0:00:00] [#]} 33. Be3 $1 Rxe3 34. Nxe3 Qxe3+ (34... Rxe3 35. Ra8+ Ne8 36. Qf2 $16) 35. Qf2 {[%emt 0:00:31] Qxe3 is the strong threat.} Qxf2+ 36. Kxf2 {[%emt 0:00:18][%mdl 4096] Endgame. KRR-KRN} Nd7 37. Ra8 Kf8 38. Rxe8+ Kxe8 {[%emt 0:00:00] KR-KN} 39. Ra6 Ne5 40. Ke3 {[%emt 0:00:16][%mdl 1024] Prevents Nd3. Black must now prevent f4. White has compensation.} Kd7 41. Kd4 Kd6 42. Ra8 Nd7 43. Rg8 g6 44. Rg7 Ke6 {[%emt 0:00:00] And now ...Nf6 would win.} 45. Rxh7 Nf8 (45... Nb8 $11) 46. Rh8 $1 $14 Nd7 47. Re8+ Kd6 48. Rc8 Ne5 (48... g5 $1 $11) 49. f4 Ng4 ({Black should play} 49... Nd7 $1 $14) 50. Rf8 Ke7 (50... Nh6 $142 51. g4 Ke7) 51. Ra8 $1 $18 Kd6 $2 {[%emt 0:00:00] [#]} (51... Nf6 52. Kc5 d4) 52. Ra7 $1 {[%emt 0:00:14] White is clearly winning.} Nh6 {[%emt 0:00:00] [#]} 53. g4 {[%emt 0:01:34][%cal Bg2g4,Bg4g5][%mdl 544] Repels Nf5+} Ke6 (53... f5 54. g5) 54. g5 Nf5+ 55. Kc5 d4 56. Kxc6 d3 {[%emt 0:00:00] [#]} 57. Ra3 $1 (57. Kxb5 $2 d2 58. Ra1 Ne3 $19) 57... Nd4+ 58. Kc5 d2 59. Rd3 (59. Kxd4 d1=Q+ (59... d1=B $2 60. Ra6+ Kf5 61. Rf6+ Kg4 62. Rxf7 $18) 60. Kc3 Qc1+ 61. Kb3 Qb1+ (61... Qxf4 $2 62. Kc2 $19) 62. Kc3 Kf5 $19) 59... Nf3 60. Rd5 {[%emt 0:02:21] Never resign too early!   Weighted Error Value: White=0.39/Black=0.60.  Loses game:     	White=3     	Black=1      Missed win:     	---       	Black=3      Mistake:       	White=3     	Black=8      Inaccurate:     	White=6     	Black=6      OK:         	White=16    	Black=11     Best:        	---       	Black=1      Strong:       	White=3     	Black=1      Brilliant:      	White=1     	---} (60. Rxf3 $2 {too greedy.} d1=Q (60... d1=B $2 {loses.} 61. f5+ Ke5 62. fxg6 $18) 61. Re3+ Kf5 62. Kxb5 Kxf4 $19) 1-0

[Event "Marshall CC FIDE Premier April 2024"]
[Site "New York"]
[Date "2024.04.13"]
[Round "1.10"]
[White "Gaw, Chloe"]
[Black "Chachere, Theodore"]
[Result "1/2-1/2"]
[ECO "E42"]
[WhiteElo "2052"]
[BlackElo "1897"]
[Annotator "RC"]
[PlyCount "82"]
[EventDate "2024.02.02"]
[EventType "swiss"]
[EventCountry "USA"]
[SourceTitle "playchess.com"]
[Source "ChessBase"]
[SourceQuality "1"]
[TimeControl "5400+30"]

1. d4 Nf6 2. c4 e6 3. Nc3 Bb4 4. e3 c5 5. Nge2 b6 6. a3 Ba5 7. Rb1 Na6 8. f3 O-O 9. e4 d5 10. e5 Ne8 11. cxd5 exd5 12. Ng3 f6 13. exf6 Nxf6 14. Be2 c4 15. b4 cxb3 16. Qxb3 Nc7 17. O-O Re8 18. Kh1 Kh8 19. Bg5 Bb7 20. Nb5 Nxb5 21. Bxb5 Re6 22. Nh5 Rc8 23. Qd3 Qd6 24. Nf4 Re7 25. Qf5 Rf8 26. Qh3 Kg8 27. Bd3 g6 28. Qg3 Re3 29. Bh6 Nh5 30. Nxh5 Qxg3 31. Nxg3 Rxd3 32. Bxf8 Kxf8 33. Rfc1 Rxd4 34. Rc7 Ba6 35. Rxa7 Bc4 36. h3 h5 37. Nf1 Rd3 38. a4 d4 39. Rc1 Rc3 40. Rd1 Rd3 41. Rc1 Rc3 1/2-1/2

[Event "Marshall CC FIDE Premier April 2024"]
[Site "New York"]
[Date "2024.04.13"]
[Round "2.1"]
[White "Meduri, Aakaash"]
[Black "Huston, Gus"]
[Result "0-1"]
[ECO "A20"]
[WhiteElo "1962"]
[BlackElo "2401"]
[Annotator "RC"]
[PlyCount "120"]
[EventDate "2024.02.02"]
[EventType "swiss"]
[EventCountry "USA"]
[SourceTitle "playchess.com"]
[Source "ChessBase"]
[SourceQuality "1"]
[TimeControl "5400+30"]

1. c4 Nf6 2. g3 e5 3. Bg2 c6 4. d4 e4 5. d5 Bb4+ 6. Bd2 Qe7 7. Bxb4 Qxb4+ 8. Qd2 Qxc4 9. Nc3 cxd5 10. Rc1 O-O 11. Nh3 Nc6 12. O-O d4 13. Nxe4 Nxe4 14. Bxe4 Qxa2 15. Qf4 Qa5 16. Ng5 h6 17. Nf3 d5 18. Bb1 Qb4 19. Rfd1 Qxb2 20. g4 Qb4 21. Nxd4 Nxd4 22. Rxd4 Qe7 23. e3 Be6 24. Rc7 Qg5 25. Qg3 Rac8 26. h4 Qd8 27. Rxb7 Rb8 28. Rdb4 Rxb7 29. Rxb7 Qc8 30. Rc7 Qb8 31. Bf5 Rc8 32. Rxc8+ Qxc8 33. Bxe6 Qxe6 34. Qb8+ Kh7 35. Qxa7 Qxg4+ 36. Kf1 f6 37. Qf7 Qc4+ 38. Ke1 Qxh4 39. Qxd5 Qg4 40. f3 Qg5 41. Qd3+ f5 42. e4 Qh4+ 43. Kd1 fxe4 44. fxe4 Qh5+ 45. Ke1 Qe5 46. Kf1 h5 47. Kg2 Kh6 48. Kh3 Qf4 49. Qa6+ g6 50. Qe2 h4 51. Kg2 Qg3+ 52. Kh1 Qe5 53. Qf3 g5 54. Qf8+ Kh5 55. Qf3+ g4 56. Qe2 h3 57. Kg1 Qg3+ 58. Kf1 Qf3+ 59. Qxf3 gxf3 60. Kg1 Kg5 0-1

[Event "Marshall CC FIDE Premier April 2024"]
[Site "New York"]
[Date "2024.04.13"]
[Round "2.2"]
[White "Putnam, Liam"]
[Black "Kurup, Siddharth"]
[Result "1-0"]
[ECO "D37"]
[WhiteElo "2323"]
[BlackElo "1914"]
[Annotator "RC"]
[PlyCount "133"]
[EventDate "2024.02.02"]
[EventType "swiss"]
[EventCountry "USA"]
[SourceTitle "playchess.com"]
[Source "ChessBase"]
[SourceQuality "1"]
[TimeControl "5400+30"]

1. d4 d5 2. c4 e6 3. Nc3 a6 4. cxd5 exd5 5. Nf3 Nf6 6. Bg5 Be6 7. e3 Nbd7 8. Bd3 Bd6 9. O-O c6 10. Qc2 Qc7 11. Rfe1 O-O 12. Ne2 Bg4 13. h3 Bxf3 14. gxf3 h6 15. Bh4 Nh5 16. Kh1 Kh8 17. Rg1 Rae8 18. Rg2 g5 19. Bxg5 hxg5 20. Rxg5 Nhf6 21. e4 Rg8 22. Rf5 Rg7 23. e5 Bxe5 24. dxe5 Rxe5 25. Re1 Rxf5 26. Bxf5 Qe5 27. f4 Qe7 28. Qc3 Ne4 29. Qe3 Ndc5 30. Kh2 Qf6 31. Nd4 Nd6 32. Qe7 Qxe7 33. Rxe7 f6 34. Re3 Nxf5 35. Nxf5 Rd7 36. Nd4 Ne4 37. f3 Nd6 38. b4 Kh7 39. a4 Kg6 40. Re2 Nc4 41. f5+ Kh7 42. Ne6 Rf7 43. a5 Ne5 44. Re3 Nc4 45. Re1 Ne5 46. Kg3 Nc4 47. Kf4 Nd6 48. Rg1 Nc4 49. h4 Kh8 50. Nc5 Nd6 51. Re1 Kh7 52. Re6 Nc4 53. Re8 Nd6 54. Rd8 Nc4 55. Rb8 Nd6 56. Ne6 Kh6 57. Rd8 Nc4 58. Rh8+ Rh7 59. Rf8 Re7 60. Rxf6+ Kh7 61. Rg6 b6 62. Ng5+ Kh8 63. f6 Rb7 64. f7 Rb8 65. Ne6 Kh7 66. Kg5 Ne5 67. Rh6# 1-0